[Event "Late-Titled-Tuesday-Blitz-May-14-2024"]
[Site "Chess.com"]
[Date "2024.05.14"]
[Round "8"]
[White "osielchesslover2011"]
[Black "Flaccidmoves"]
[Result "0-1"]
[WhiteElo "2247"]
[BlackElo "2437"]
[TimeControl "180+1"]
[EndTime "15:27:55 PDT"]
[Termination "Flaccidmoves won on time"]

1. e4 a6 2. d4 e6 3. Nc3 d5 4.
e5 c5 5. Nge2 Nc6 6. Be3 cxd4 7.
Bxd4 Nge7 8. Qd2 Nf5 9. f4 Nfxd4 10. Nxd4 Bc5 11. Nb3 Ba7 12. O-O-O O-O 13. Bd3 b5 14. Rhf1 b4 15. Na4 Qe7 16. Rf3 Bd7 17. Rh3 g6 18. f5 exf5 19. Qh6 f6 20. exf6 Rxf6 21. Nac5 Be8 22. Nxa6 Rc8 23. Kb1 Qg7 24. Qg5 Ne5 25. Re1 Nxd3 26. cxd3 Rxa6 27. Re7 Bf7 28. Qh4 Re6 29. Rxa7 Re2 30. d4 Rcc2 31. Re3 Rxb2+ 32. Ka1 Rxa2+ 33. Rxa2 Rxe3 34. Ra8+ Re8 35. Ra7 g5 36. Qf2 f4 37. Nc5 Rc8 38. Kb2 Rxc5 39.
Ra8+ Be8 40. Rxe8+ Kf7 41. Re5 Rc4 42. Rf5+ Kg6 43. Re5 Qc7 44. Re6+ Kf7 45. Qe2 Rc2+ 46.
Qxc2 Qxc2+ 47. Kxc2 Kxe6 48. Kb3 Kf5 49. Kxb4 Ke4 50. Kc5 g4 51. h3 f3 52. gxf3+ gxf3 0-1

[Event "Late-Titled-Tuesday-Blitz-May-14-2024"]
[Site "Chess.com"]
[Date "2024.05.14"]
[Round "8"]
[White "HipsterChess22"]
[Black "mfschulz"]
[Result "1-0"]
[WhiteElo "2198"]
[BlackElo "2258"]
[TimeControl "180+1"]
[EndTime "15:27:55 PDT"]
[Termination "HipsterChess22 won on time"]

1. d4 Nf6 2. Nc3 c5 3. dxc5 e6 4. e4 Bxc5 5. e5 Ng8 6. Ne4 Qc7 7. Nd6+ Bxd6 8. exd6 Qb6 9. Nf3 Nf6 10. Be3 Qxb2 11. Bc4 Qc3+ 12. Nd2 Ne4 13. Bd3 Nxd6 14. O-O Nc6 15.
Ne4 Nxe4 16. Bxe4 d5 17. Bd3 Bd7 18. Rb1 b6 19. Qg4 O-O 20. Bb5 Ne5 21. Qa4 Bxb5 22. Qxb5 Qxc2 23. Rfc1 Qd3 24. Qa4 Rac8 25. Qxa7 Nc4 26. Bxb6 Ra8 27. Qc7 Nxb6 28. Rxb6 Rxa2 29. Rb7 Qf5 30. Rf1 h5 31. h3 Rc2 32. Qe7 Qf6 33.
Qxf6 gxf6 34. Rd1 Rfc8 35. Ra1 Rc1+ 36. Rxc1 Rxc1+ 37. Kh2 Kg7 38. Kg3 Kg6 39. f3 Rc2 40.
Rb8 Kg7 41. Rb4 f5 42. h4 e5 43. Kh3 f4 44. Rb5 Rd2 45. Rc5 Kf6 46. Ra5 Kf5 47. Ra7 f6 48. Ra8 e4 49. fxe4+ dxe4 50.
Ra5+ Kg6 51. Ra4 1-0

[Event "Late-Titled-Tuesday-Blitz-May-14-2024"]
[Site "Chess.com"]
[Date "2024.05.14"]
[Round "8"]
[White "NateSolon"]
[Black "HandKnit"]
[Result "1-0"]
[WhiteElo "2661"]
[BlackElo "2498"]
[TimeControl "180+1"]
[EndTime "15:27:57 PDT"]
[Termination "NateSolon won by resignation"]

1. d4 Nf6 2. Bf4 e6 3. e3 c5 4. Nf3 b6 5. Nc3 cxd4 6. Nb5 d6 7. Qxd4 Nd5 8. Bg5 f6 9. Bh4 a6 10. Nc3 Nxc3 11. Qxc3 Bd7 12. O-O-O Be7 13. Bg3 d5 14.
e4 dxe4 15. Nd4 O-O 16. Nxe6 Bxe6 17. Rxd8 Rxd8 18. Bc4 Bxc4 19. Qxc4+ Kh8 20. Qxe4 Ra7 21. Bxb8 Rxb8 22. Rd1 h6 23. Qe6 Bc5 24. f4 Re7 25.
Qf5 a5 26. g4 Re2 27. h4 Rf2 28. g5 fxg5 29. hxg5 Rf8 30. Qh3 R2xf4 31. gxh6 g6 32. a3 R4f5 33. Qg4 Kh7 34. Rd7+ Kxh6 35. Kb1 Bf2 36.
Ka2 R8f6 37. Rd8 Rf7 38. Rh8+ Kg7 39. Rb8 Kh6 40. Rc8 Kg7 41. Rc6 R5f6 42. Rc8 Rf5 43. b4 axb4 44. axb4 R5f6 45. c3 Rf5 46. Kb3 Rf3 47.
Rc6 R3f6 48. Rxf6 Rxf6 49. Ka4 Kh7 50. Kb5 Kg7 51. c4 Kh7 52. Qh3+ Kg7 53. Qd7+ Kh6 54. Qd2+ Kg7 55. Qd7+ Kh6 56. Qd8 Kg7 57. Qe7+ Rf7 58. Qe5+ Rf6 59. c5 bxc5 60. bxc5 Kf7 61. c6 Rf5 62. Qxf5+ gxf5 63. c7 1-0

[Event "Late-Titled-Tuesday-Blitz-May-14-2024"]
[Site "Chess.com"]
[Date "2024.05.14"]
[Round "8"]
[White "Puzzlebot_1294"]
[Black "The_Straightforward_Rook"]
[Result "1/2-1/2"]
[WhiteElo "2632"]
[BlackElo "2491"]
[TimeControl "180+1"]
[EndTime "15:27:58 PDT"]
[Termination "Game drawn by repetition"]

1. d4 d5 2. Nf3 Nf6 3. Bf4 e6 4. e3 Bd6 5. Bg3 c5 6. c3 Qc7 7. Nbd2 Nbd7 8. dxc5 Nxc5 9. Bxd6 Qxd6 10. c4 O-O 11.
Be2 b6 12. O-O Bb7 13. Rc1 Rfd8 14. Qc2 Rac8 15. Rfd1 Nce4 16. b3 Qe7 17. Nxe4 Nxe4 18. Bd3 Nf6 19. Ne5 g6 20. Qe2 Nd7 21. Nxd7 Rxd7 22.
cxd5 Rxc1 23. Rxc1 Bxd5 24. Qb2 Rc7 25. Rd1 h5 26.
Bb1 h4 27. e4 Bb7 28. h3 Rd7 29. Rc1 Rc7 30. Re1 Qg5 31. Rd1 Ba6 32. f4 Qe7 33.
Kh1 Rd7 34. Re1 Bd3 35. Bxd3 Rxd3 36. Qf2 Qd8 37. f5 exf5 38. exf5 Rd1 39. fxg6 Rxe1+ 40. Qxe1 fxg6 41. Kg1 Qd4+ 42. Kf1 Qf6+ 43. Ke2 Kf7 44. Qd2 Qe5+ 45. Kf3 Ke6 46. Qe3 Qxe3+ 47. Kxe3 Ke5 48. Kf3 Kf5 49. a3 a6 50. g4+ hxg3 51. Kxg3 b5 52. Kf3 g5 53. Kg3 a5 54. Kf3 b4 55. axb4 axb4 56. Kg3 Kf6 57. Kf3 Kf5 58. Ke3 Ke5 59. Kd3 Kd5 60. Ke3 Ke5 61. Kf3 Kf5 1/2-1/2

[Event "Late-Titled-Tuesday-Blitz-May-14-2024"]
[Site "Chess.com"]
[Date "2024.05.14"]
[Round "8"]
[White "WPWPWP-2015"]
[Black "DIMONBANAN"]
[Result "1-0"]
[WhiteElo "2458"]
[BlackElo "2597"]
[TimeControl "180+1"]
[EndTime "15:27:58 PDT"]
[Termination "WPWPWP-2015 won by checkmate"]

1. e4 e5 2. Nf3 Nc6 3. d4 exd4 4.
Nxd4 Bc5 5. Nb3 Bb4+ 6. Bd2 a5 7. Bc3 Nf6 8. Bd3 d5 9. exd5 Nxd5 10. Bxb4 axb4 11.
O-O O-O 12. N1d2 Nf4 13. Be4 Be6 14. Qf3 Qg5 15. Bxc6 Bg4 16. Ne4 Bxf3 17. Nxg5 Bxc6 18. Nd4 Bd5 19. Ngf3 c5 20. Nf5 Bxf3 21. gxf3 Rfe8 22. Rfe1 Kf8 23. Nd6 Rxe1+ 24. Rxe1 b6 25. a3 bxa3 26.
bxa3 Ne6 27. Nb5 Rd8 28. Kg2 Rd2 29. c4 Nf4+ 30. Kg3 g5 31. h4 h6 32. hxg5 hxg5 33.
Nc7 Rd3 34. Re8+ Kg7 35. Rb8 Rxa3 36. Ne8+ Kg6 37. Rxb6+ Kf5 38. Nd6+ Ke5 39. Nxf7+ Kd4 40. Nxg5 Ne2+ 41. Kg4 Kxc4 42. Ne6 Ra4 43. Kg5 Kd5 44. Nc7+ Ke5 45. Re6+ Kd4 46. Re4+ Kd3 47. Rxa4 c4 48. Nd5 c3 49. Ra3 Kc4 50. Nxc3 Nd4 51. Ne4 Kd5 52. Kf4 Ne6+ 53. Ke3 Nc7 54. Rd3+ Ke6 55. f4 Kf5 56. Kf3 Ne6 57. Rd5+ Kg6 58. f5+ Kh6 59. fxe6 Kg6 60. Rg5+ Kh6 61. Kf4 Kh7 62. Kf5 Kh8 63. Kf6 Kh7 64.
Rg4 Kh6 65. Rh4# 1-0

[Event "Late-Titled-Tuesday-Blitz-May-14-2024"]
[Site "Chess.com"]
[Date "2024.05.14"]
[Round "8"]
[White "McCarthyStone"]
[Black "klifus"]
[Result "0-1"]
[WhiteElo "2419"]
[BlackElo "2159"]
[TimeControl "180+1"]
[EndTime "15:27:58 PDT"]
[Termination "klifus won on time"]

1. d4 Nf6 2. c4 g6 3. Nc3 Bg7 4. e4 d6 5. h3 O-O 6. Be3 c5 7. Nf3 cxd4 8. Nxd4 Nc6 9. Be2 Nxd4 10. Bxd4 Be6 11.
O-O Qa5 12. a3 Rfc8 13. b4 Qd8 14. Nd5 Nxe4 15. Bxg7 Kxg7 16. Qd4+ Nf6 17. Nxf6 exf6 18. Rac1 Qe7 19. Rfd1 Bxh3 20. Bf3 Be6 21. Qxd6 Qxd6 22. Rxd6 Rxc4 23. Rxc4 Bxc4 24. Bxb7 Re8 25. Rc6 Bb5 26. Rc7 Re1+ 27. Kh2 Ra1 28. Bd5 Rxa3 29. Rxf7+ Kh6 30. Rxf6 Rd3 31. Bg8 Rd8 32. Bb3 Rd4 33. Rf3 Rxb4 34. Bg8 Kg7 35. Bxh7 Kxh7 36. Rf7+ Kh6 37. Rxa7 Bc6 38.
Kg3 Rb3+ 39. Kh2 Rb2 40. Kg3 Bd5 41. Ra5 Be4 42. Re5 Bf5 43. Ra5 Rb3+ 44. Kh2 Kg5 45. Rc5 Rb2 46. Kg3 Rb3+ 47. Kh2 Kf4 48. Rc4+ Ke5 49.
Ra4 Rb1 50. Ra5+ Kd4 51. Kg3 Rb3+ 52. Kh2 Kd3 53. Kg3 Rb2 54. Ra3+ Ke2 55. Re3+ Kf1 56.
Rf3 Rd2 0-1

[Event "Late-Titled-Tuesday-Blitz-May-14-2024"]
[Site "Chess.com"]
[Date "2024.05.14"]
[Round "8"]
[White "PepeCuenca"]
[Black "OriTaichman"]
[Result "1-0"]
[WhiteElo "2817"]
[BlackElo "2644"]
[TimeControl "180+1"]
[EndTime "15:27:59 PDT"]
[Termination "PepeCuenca won by resignation"]

1. d4 Nf6 2. Bf4 c5 3. dxc5 Qa5+ 4. Qd2 Qxc5 5. Nc3 d5 6. O-O-O Nc6 7. e4 d4 8. Nb5 e5 9. Nc7+ Kd8 10. Nxa8 exf4 11. Nf3 Bg4 12. Nxd4 Nxd4 13. Qxd4+ Qxd4 14. Rxd4+ Kc8 15.
Rc4+ Kb8 16. Nc7 Nxe4 17. Rxe4 Kxc7 18. Rxf4 Be6 19. Bc4 Bd6 20. Re4 Bf5 21. Re2 Bg6 22.
Bd3 Bh5 23. f3 f6 24. Rhe1 a6 25.
g4 Bg6 26. h4 Bxd3 27. cxd3 h5 28. Rg1 g5 29. hxg5 fxg5 30. gxh5 Rxh5 31. Kb1 Bf4 32. Re7+ Kc6 33. a3 Rh3 34. Rf1 Rh2 35. d4 Rd2 36. Re4 a5 37. Rh1 a4 38. Rh6+ Kb5 39. Rf6 Kc4 40.
d5+ Kxd5 41. Rxa4 Rf2 42. Raxf4 gxf4 43. Rxf4 b5 44. Rf5+ Kc4 45. Ka2 Rf1 46. Rf4+ Kc5 47. Kb3 Rf2 48. Rf5+ Kc6 49. Kc3 Kb6 50. b3 Kc6 51.
Kb4 Rf1 52. Rxb5 Rxf3 53. a4 Rf4+ 54. Ka3 Rh4 55. Rg5 Rh1 56. a5 Ra1+ 57. Kb4 Ra2 58. Rg6+ Kb7 59. Kb5 Ra3 60. Rg7+ Kb8 61. b4 Rh3 62. a6 Rh5+ 63. Kb6 Rh6+ 64. Ka5 Ka8 65. b5 Rf6 66. Rg8+ Ka7 67. b6+ Rxb6 68. Rg7+ Rb7 69. Rxb7+ Ka8 70. Rh7 1-0

[Event "Late-Titled-Tuesday-Blitz-May-14-2024"]
[Site "Chess.com"]
[Date "2024.05.14"]
[Round "8"]
[White "chessdjw"]
[Black "AlexeiShirov"]
[Result "1-0"]
[WhiteElo "2783"]
[BlackElo "2906"]
[TimeControl "180+1"]
[EndTime "15:28:01 PDT"]
[Termination "chessdjw won on time"]

1. d4 d5 2. c4 c6 3. Nf3 Nf6 4. g3 dxc4 5. Bg2 g6 6. O-O Bg7 7. a4 O-O 8. Na3 Na6 9. Nxc4 Be6 10. b3 Ne4 11. Ba3 Bd5 12. Rc1 Rc8 13. Qd3 c5 14. Rfd1 cxd4 15. Nxd4 Bxc4 16. Qxe4 f5 17. Qxb7 Rc7 18.
Qf3 Bxd4 19. bxc4 Rd7 20. Qc6 Nb8 21. Qe6+ Kg7 22. Rxd4 Rxd4 23. Bb2 Rf6 24. Bxd4 Qxd4 25. Qxe7+ Rf7 26. Qe3 Qxe3 27. fxe3 Rc7 28. c5 Nd7 29. c6 Kf6 30. Kf2 Ne5 31. h3 Ke7 32. Rc5 Kd6 33.
Rd5+ Ke6 34. Ra5 Kd6 35. Ra6 Nc4 36. g4 Kc5 37. gxf5 gxf5 38. Bf3 Kb4 39. Bd5 Ne5 40.
Be6 h6 41. Bxf5 Nc4 42. Bd7 Ne5 43. e4 h5 44. Ke3 Nxd7 45. cxd7 Rxd7 46. e5 Rd5 47.
Ke4 Rd2 48. e3 Rd7 49. e6 Rg7 50. Kf5 Rc7 51. Kf6 Rc3 52. e4 Rf3+ 53. Ke5 Rxh3 54. e7 1-0

[Event "Late-Titled-Tuesday-Blitz-May-14-2024"]
[Site "Chess.com"]
[Date "2024.05.14"]
[Round "8"]
[White "Magicmaster17"]
[Black "Incognito_Knight"]
[Result "1/2-1/2"]
[WhiteElo "2889"]
[BlackElo "2732"]
[TimeControl "180+1"]
[EndTime "15:28:01 PDT"]
[Termination "Game drawn by repetition"]

1. Nf3 d5 2. e3 Nf6 3. c4 e6 4. Nc3 b6 5. b3 Bb7 6. Bb2 Nbd7 7. Rc1 a6 8. cxd5 exd5 9. g3 Bd6 10. Bg2 O-O 11. O-O Qe7 12. Qc2 Rac8 13. Ne2 c5 14. Qb1 Ba8 15. Rfe1 Rfe8 16. d3 Ne5 17. Nxe5 Bxe5 18. Bxe5 Qxe5 19. d4 Qe7 20. dxc5 bxc5 21. Nf4 Qe5 22. Qd3 Bb7 23. Red1 Red8 24. h3 g6 25. Rd2 Kg7 26. Rcd1 Rd6 27. Qc2 a5 28. Qc1 Ba8 29. Rc2 Nd7 30. Qa3 d4 31. exd4 Rxd4 32.
Rxd4 Qxd4 33. Qc1 Bxg2 34. Kxg2 Qe4+ 35. f3 Qc6 36. Rd2 Ne5 37. Rd5 f6 38. Qc3 c4 39.
bxc4 Qxc4 40. Qxc4 Nxc4 41. Ne6+ Kf7 42. Rc5 Rxc5 43.
Nxc5 Ke7 44. Kf2 Kd6 45. Nb3 Kd5 46. Ke2 a4 47. Nc1 Kd4 48. Nd3 Nd6 49. Kd2 Nb5 50.
Nb4 a3 51. Nc2+ Kc5 52. Ne3 Kd4 53. Nc2+ Kc4 54. Ne3+ Kb4 55. Nc2+ Kc4 56. Ne3+ Kd4 57. Nc2+ 1/2-1/2

[Event "Late-Titled-Tuesday-Blitz-May-14-2024"]
[Site "Chess.com"]
[Date "2024.05.14"]
[Round "8"]
[White "cristianserban1"]
[Black "azikom"]
[Result "0-1"]
[WhiteElo "2506"]
[BlackElo "2699"]
[TimeControl "180+1"]
[EndTime "15:28:01 PDT"]
[Termination "azikom won on time"]

1. d4 c6 2. c4 d5 3. Nf3 Nf6 4. e3 Bf5 5. Nc3 e6 6. Nh4 Be4 7. f3 Bg6 8. Qb3 Qc7 9. Bd2 Nbd7 10. Nxg6 hxg6 11. O-O-O dxc4 12. Bxc4 Nb6 13. Be2 Rxh2 14. Rxh2 Qxh2 15. e4 Qc7 16. Kb1 O-O-O 17. Be3 Kb8 18.
g4 Nfd7 19. f4 Rc8 20. Rf1 c5 21. f5 gxf5 22. gxf5 cxd4 23. Bxd4 e5 24. Be3 Nc5 25. Qb5 a6 26. Qa5 Nba4 27. Qxc7+ Rxc7 28. Nd5 Rd7 29. b3 Nxe4 30. bxa4 Rxd5 31. Bf3 Nc3+ 32. Kb2 e4 33. Kxc3 exf3 34. Rxf3 Be7 35. Bd4 Bf6 36. Bxf6 gxf6 37.
Rf4 Kc7 38. Kc4 Ra5 39. Kb4 Kb6 40. a3 Re5 41. Rf3 a5+ 42. Kb3 Kc6 43. Rc3+ Kd6 44. Rd3+ Ke7 45. Rf3 b6 46. Kc4 Rc5+ 47. Kb3 Kd6 48. Rf4 Rd5 49. Rf3 Ke5 50. Kc4 Rc5+ 51. Kb3 Ke4 52. Rh3 Kxf5 53. Rh7 Ke6 54. Rh8 f5 55. Rb8 f4 56. Rxb6+ Kf5 57. Rb5 Re5 58. Rb7 f6 59. Kc4 f3 60. Kd3 Kf4 61. Rb1 Re3+ 62. Kd2 Re4 63. Rh1 f5 64. Rh5 Kg4 65. Rh8 Rxa4 0-1

[Event "Late-Titled-Tuesday-Blitz-May-14-2024"]
[Site "Chess.com"]
[Date "2024.05.14"]
[Round "8"]
[White "slorovel"]
[Black "Quattroporte300"]
[Result "1/2-1/2"]
[WhiteElo "2565"]
[BlackElo "2459"]
[TimeControl "180+1"]
[EndTime "15:28:01 PDT"]
[Termination "Game drawn by repetition"]

1. e4 c5 2. Nf3 e6 3. c4 Nc6 4.
Be2 Nf6 5. Nc3 Qb6 6. O-O Be7 7.
d3 O-O 8. Be3 d6 9. Qd2 Bd7 10.
d4 cxd4 11. Nxd4 Qa5 12. Nxc6 bxc6 13. Nd5 Qd8 14. Nxe7+ Qxe7 15. f3 Rfd8 16. Qa5 e5 17.
Rfd1 Be6 18. b3 h6 19. Qa6 Qc7 20. Rac1 Nd7 21. Bd2 c5 22. Be3 Nb8 23. Qa4 Nc6 24. Bf1 Nd4 25. Kh1 Rab8 26. Qa3 a5 27. Bd3 Rb7 28.
f4 f6 29. Rf1 Ra8 30. Bxd4 exd4 31. Rce1 a4 32. bxa4 Rb4 33. Qc1 Raxa4 34. a3 Rb8 35. e5 f5 36. exd6 Qd7 37. Qd1 Rxa3 38. Qe2 Kf7 39. h3 Rab3 40. Bc2 Rb2 41. Rc1 Qxd6 42. Qh5+ Kg8 43. Bxf5 Bxf5 44. Qxf5 Rf8 45. Qe4 Rb4 46. g3 Qf6 47. Qd5+ Kh7 48. Qxc5 Rb2 49. Qd5 Qf5 50. Qxf5+ Rxf5 51. Rfd1 Ra5 52. c5 Raa2 53. c6 Rh2+ 54.
Kg1 Rag2+ 55. Kf1 Rf2+ 56. Kg1 Rfg2+ 57. Kf1 Rf2+ 58. Kg1 Rhg2+ 59. Kh1 Rh2+ 60. Kg1 1/2-1/2

[Event "Late-Titled-Tuesday-Blitz-May-14-2024"]
[Site "Chess.com"]
[Date "2024.05.14"]
[Round "8"]
[White "lamomiajunior"]
[Black "rasmussvane"]
[Result "0-1"]
[WhiteElo "2783"]
[BlackElo "2975"]
[TimeControl "180+1"]
[EndTime "15:28:02 PDT"]
[Termination "rasmussvane won by resignation"]

1. d4 d5 2. Nc3 Nf6 3. Bf4 c5 4. e4 Nxe4 5. Bb5+ Nc6 6. Nxe4 dxe4 7. Ne2 e6 8. O-O Qb6 9. a4 a6 10. Bxc6+ bxc6 11. dxc5 Bxc5 12. Nc3 f5 13. Bd6 Bxd6 14. Qxd6 Ra7 15. Rfd1 Kf7 16. a5 Qc7 17. Qc5 Rb7 18. b3 Rd8 19. Rxd8 Qxd8 20. Qxc6 Qc7 21. Qc4 Qxc4 22. bxc4 Bd7 23. Rd1 Ke7 24. h3 Rc7 25.
Rd4 Rc5 26. Na2 e5 27. Rd5 Rxc4 28. c3 Be6 29. Rd2 Bc8 30. Nb4 Bb7 31. Nd5+ Bxd5 32. Rxd5 Ke6 33. Rd8 Rc5 34. Rg8 Kf7 35. Rh8 h6 36. Rb8 Rxa5 37. Kf1 Rc5 38. Rb6 a5 39. Ra6 Rxc3 40. Rxa5 Ke6 41. Ra6+ Kd5 42. Ra5+ Rc5 43. Ra7 g5 44. Rh7 Rc6 45. Rd7+ Rd6 46. Rf7 f4 47. Rc7 Kd4 48. Ke2 Kd5 49. g3 Rc6 50.
Rd7+ Ke6 51. Rh7 Rc2+ 52. Ke1 e3 53. Rxh6+ Kd5 54. fxe3 f3 55. h4 g4 56. Rg6 Ke4 57. Ra6 Kxe3 58. Ra3+ Kd4 59. h5 Rh2 60. Ra4+ Ke3 61. Ra3+ Ke4 62. Ra4+ Kf5 0-1

[Event "Late-Titled-Tuesday-Blitz-May-14-2024"]
[Site "Chess.com"]
[Date "2024.05.14"]
[Round "8"]
[White "slidingknight2775"]
[Black "Hakiki_satranc"]
[Result "1-0"]
[WhiteElo "2600"]
[BlackElo "2420"]
[TimeControl "180+1"]
[EndTime "15:28:02 PDT"]
[Termination "slidingknight2775 won by checkmate"]

1. Nf3 c5 2. g3 Nc6 3. Bg2 e5 4. c4 g6 5. Nc3 Bg7 6. O-O Nge7 7. d3 d6 8. Ne1 Be6 9. Nc2 d5 10. cxd5 Nxd5 11. Ne3 Nxc3 12. bxc3 Rc8 13. Rb1 b6 14. c4 O-O 15. Nd5 Ne7 16. Nxe7+ Qxe7 17. a4 Rfd8 18.
Qc2 h5 19. h4 Rb8 20. a5 Qc7 21. Be3 Bd7 22. Rb2 Bc6 23. Bxc6 Qxc6 24. Rb3 Rd7 25. Rfb1 Rdb7 26. Rb5 a6 27. Rxb6 Rxb6 28. Rxb6 Rxb6 29. axb6 Qxb6 30. Qa4 Bf8 31. Qe8 Qe6 32. Qa8 Kg7 33.
Bh6+ Kxh6 34. Qxf8+ Kh7 35. Qxc5 e4 36. Kg2 exd3 37.
exd3 Qe2 38. Qd5 Kg8 39. c5 a5 40. c6 Qc2 41. Qd7 Qa4 42. Qd8+ Kh7 43. c7 Qc6+ 44.
Kg1 Qc1+ 45. Kg2 Qc6+ 46. Kh2 Qc5 47. d4 Qc2 48. Kg2 Qe4+ 49. Kg1 Qe1+ 50. Kg2 Qe4+ 51. Kh2 Qf3 52. Kg1 Qd1+ 53. Kg2 Qe2 54. c8=Q Qe4+ 55. Kg1 Qe1+ 56. Kg2 Qe4+ 57. Kh2 Qf3 58. Qh8# 1-0

[Event "Late-Titled-Tuesday-Blitz-May-14-2024"]
[Site "Chess.com"]
[Date "2024.05.14"]
[Round "8"]
[White "hsd2016"]
[Black "Roedor"]
[Result "1/2-1/2"]
[WhiteElo "2308"]
[BlackElo "2384"]
[TimeControl "180+1"]
[EndTime "15:28:03 PDT"]
[Termination "Game drawn by repetition"]

1. c4 Nf6 2. g3 g6 3. Bg2 Bg7 4. Nf3 O-O 5. O-O d5 6. cxd5 Nxd5 7. d4 Nc6 8. e4 Nb6 9. Nc3 Nxd4 10. Nxd4 Qxd4 11.
Qe2 Qc4 12. Qxc4 Nxc4 13. Nd5 Nxb2 14. Nxe7+ Kh8 15. Rb1 Nd3 16. Ba3 b6 17. Nd5 c5 18.
Rfd1 Ne5 19. Bb2 Bg4 20. Rd2 Nf3+ 21. Bxf3 Bxf3 22. Nf6 Rad8 23. Rxd8 Rxd8 24. Re1 Rd1 25. Rxd1 Bxd1 26. e5 b5 27. f4 c4 28. Kf2 Bf8 29. Nd7 Bb4 30. e6+ Kg8 31. Nf6+ Kf8 32. a3 c3 33. Bc1 Be7 34. Nxh7+ Kg7 35. Ng5 Bxg5 36. fxg5 fxe6 37. Ke3 a5 38. Kd4 b4 39. Kc4 bxa3 40.
Bxa3 c2 41. Kb5 a4 42. Bc1 Kf7 43. Kxa4 Ke7 44. Kb4 Kd6 45. Kc4 Ke5 46. Kd3 Kf5 47. Kd4 e5+ 48. Kd5 e4 49. Kd4 Bf3 50. Kc3 Bd1 51. Kd4 Kg4 52. Kxe4 Kh3 53. Ke5 Kxh2 54. Kf6 Bh5 55. Bf4 Kh3 56. Ke5 Kg4 57. Kd4 Kf3 58. Kd3 c1=Q 59. Bxc1 Kxg3 60. Kd4 Kg4 61. Ke5 Kf3 62. Kf6 Ke2 63. Bb2 Kd1 64. Be5 Ke2 65. Bd6 Kd1 66. Be7 Ke2 67. Bf8 Kd1 68. Bg7 Ke2 69. Bh6 Kd1 70. Bg7 Ke2 71. Bf8 Kd1 72.
Be7 Ke2 73. Bf8 1/2-1/2

[Event "Late-Titled-Tuesday-Blitz-May-14-2024"]
[Site "Chess.com"]
[Date "2024.05.14"]
[Round "8"]
[White "SujanaLohani"]
[Black "Sinquefield"]
[Result "1-0"]
[WhiteElo "2125"]
[BlackElo "2566"]
[TimeControl "180+1"]
[EndTime "15:28:04 PDT"]
[Termination "SujanaLohani won by checkmate"]

1. e4 e5 2. Nf3 Nc6 3. d4 exd4 4. Nxd4 Nf6 5. Nxc6 bxc6 6. e5 Qe7 7. Qe2 Nd5 8. h4 f6 9. c4 Nb6 10. exf6 Qxe2+ 11. Bxe2 gxf6 12. O-O Bg7 13. Bh5+ Kf8 14. Nd2 Ba6 15.
b3 d5 16. Ba3+ Kg8 17. Rac1 Bf8 18. Bb2 Kg7 19. Rfe1 Bb4 20. Bc3 Bxc3 21. Rxc3 d4 22. Rg3+ Kh6 23. Bf3 Rae8 24. Rxe8 Rxe8 25. Kf1 f5 26.
Bxc6 Re6 27. Bf3 Nd7 28. Rg5 Re5 29. Be2 Nf6 30. Bd3 Bc8 31. Nf3 Ra5 32. a4 Ra6 33. Nxd4 Rd6 34. Nxf5+ Bxf5 35. Bxf5 Rd2 36. Rg3 Nh5 37.
Rd3 Rb2 38. g3 Nf6 39. g4 Kg7 40. g5 Nh5 41. Rd7+ Kf8 42. Rxh7 Nf4 43. Kg1 Rxb3 44. Rxc7 a5 45. g6 Nh5 46. Rf7+ Kg8 47. Be6 Rb1+ 48.
Kg2 Rb6 49. Rh7+ Rxe6 50. Rxh5 Re4 51. Rxa5 Rxc4 52. h5 Kg7 53. Kg3 Kh6 54. f4 Rc3+ 55. Kg4 Rc1 56. Rg5 Rg1+ 57. Kf5 Rc1 58. g7 Rc5+ 59.
Kg4 Rc7 60. g8=Q Rd7 61. Qg6# 1-0

[Event "Late-Titled-Tuesday-Blitz-May-14-2024"]
[Site "Chess.com"]
[Date "2024.05.14"]
[Round "8"]
[White "jcmesafischer"]
[Black "ACollins05"]
[Result "1-0"]
[WhiteElo "2333"]
[BlackElo "2514"]
[TimeControl "180+1"]
[EndTime "15:28:04 PDT"]
[Termination "jcmesafischer won on time"]

1. e4 a6 2. d4 b5 3. Bd3 Bb7 4. Nf3 e6 5. O-O c5 6. d5 exd5 7. exd5 Bxd5 8. Bxb5 Be6 9. Ba4 Nf6 10. Bf4 Be7 11. Bd6 O-O 12. Nc3 Nc6 13. Re1 Nd4 14. Nxd4 Bxd6 15. Nxe6 dxe6 16. Qf3 Rb8 17. Bb3 Qc7 18. g3 c4 19. Ba4 Rxb2 20. Rad1 Rd8 21. Rd2 Rbb8 22. Red1 Bb4 23. Rd4 Qa5 24. Rxd8+ Rxd8 25. Rxd8+ Qxd8 26. Ne4 Nd5 27. Bc6 Be7 28. Qe2 Nb6 29.
Bb7 a5 30. Ba6 Qd4 31. Nd2 Qa1+ 32. Kg2 Qxa2 33. Nxc4 Nd5 34. Ne5 Bf6 35. Bc4 Qa3 36. Ng4 Qe7 37. Nxf6+ Nxf6 38. Qd2 Qc7 39. Bb3 g6 40.
Qd4 Kg7 41. g4 e5 42. Qa4 Qb7+ 43. f3 e4 44. fxe4 Nxe4 45. Qd4+ Kg8 46. Qd8+ Kg7 47. Qd4+ f6 48. Bd5 Qe7 49. Qxe4 Qc5 50. c4 a4 51. Qe8 a3 52. Qd7+ Kh6 53. Qa4 1-0

[Event "Late-Titled-Tuesday-Blitz-May-14-2024"]
[Site "Chess.com"]
[Date "2024.05.14"]
[Round "8"]
[White "FaustinoOro"]
[Black "Kosak12"]
[Result "1-0"]
[WhiteElo "2923"]
[BlackElo "2768"]
[TimeControl "180+1"]
[EndTime "15:28:05 PDT"]
[Termination "FaustinoOro won on time"]

1. e4 c6 2. Nf3 d5 3. Nc3 Bg4 4. h3 Bxf3 5. Qxf3 e6 6. Be2 Nd7 7. d4 dxe4 8. Nxe4 Ngf6 9. O-O Nxe4 10. Qxe4 Nf6 11. Qd3 Bd6 12. Rd1 O-O 13. Bf3 h6 14.
g3 Qc7 15. Kg2 Rad8 16. Qe2 Rfe8 17. c3 Nd5 18. Bd2 Ne7 19. Re1 Nf5 20. Be4 c5 21. dxc5 Bxc5 22. Rad1 Nd6 23. Bf3 Bb6 24. Bc1 e5 25.
Bd5 Nf5 26. Qg4 Qc5 27. Bxf7+ Kxf7 28. Qxf5+ Kg8 29. Rxd8 Bxd8 30. Qe4 Qb5 31. c4 Qd7 32. Be3 a6 33. b3 Bf6 34. c5 Rd8 35. Rc1 Qc6 36. Qxc6 bxc6 37. Kf3 Kf7 38. Ke4 Ke6 39. Rc4 Bg5 40. Bxg5 hxg5 41. Ra4 Rd2 42. Rxa6 Rd4+ 43. Ke3 Kd5 44. Ra5 g4 45. hxg4 Rxg4 46. a3 Re4+ 47. Kf3 g5 48. b4 g4+ 49. Kg2 Re2 50. Ra8 e4 51. Kf1 Ra2 52. a4 e3 53. fxe3 Ke4 54. a5 Kf3 55. Rf8+ Kxg3 56. Rf6 Kh3 57. Rh6+ Kg3 58. Rxc6 Kf3 59. Rf6+ Kxe3 60. c6 g3 61. c7 Rc2 62. Rf7 Kd4 63. a6 g2+ 64. Kg1 Ke5 65. a7 1-0

[Event "Late-Titled-Tuesday-Blitz-May-14-2024"]
[Site "Chess.com"]
[Date "2024.05.14"]
[Round "8"]
[White "Jarming"]
[Black "Mikhail_Bryakin"]
[Result "0-1"]
[WhiteElo "2686"]
[BlackElo "2849"]
[TimeControl "180+1"]
[EndTime "15:28:07 PDT"]
[Termination "Mikhail_Bryakin won on time"]

1. c4 c6 2. g3 d6 3. Bg2 Nd7 4.
e3 h6 5. Ne2 g5 6. Nd4 e6 7. d3 Bg7 8. h4 Nf8 9. Nc3 a6 10. a3 Bd7 11. Nf3 g4 12. Nd2 h5 13.
d4 Ng6 14. f3 f5 15. Ne2 Nf6 16. O-O O-O 17. b3 Qe7 18. Bb2 e5 19. dxe5 dxe5 20.
Kh2 Rad8 21. Qc2 b5 22. Rae1 Rfe8 23. a4 b4 24. c5 Nd5 25. Nc1 Nxh4 26. fxg4 hxg4 27.
gxh4 Qxh4+ 28. Kg1 Be6 29. Nd3 Bf7 30. Rxf5 Bg6 31.
Rff1 Rf8 32. Qc4 Kh7 33. Bxe5 Rxf1+ 34. Nxf1 Bxe5 35. Nxe5 Qxe1 36. Qxg4 Rg8 37. Qh3+ Kg7 38. Qd7+ Kh6 39. Nxc6 Bd3 40. Qe6+ Rg6 41. Qh3+ Kg7 42. Qd7+ Kh8 43. Qe8+ Kh7 44. Qf7+ Kh6 45. Qf8+ Kg5 46. Ne5 Rf6 47. Nf3+ Rxf3 48. Qxf3 Nf6 49. Qf2 Qc3 50. c6 Kg6 51. Nh2 Qc1+ 52. Bf1 Be4 53.
Qg3+ Kf7 54. c7 Nd5 55. Ng4 Qxc7 56. Qxc7+ Nxc7 57. Bc4+ Ke7 58. Nf2 Bc2 59. Kg2 Kd6 60.
Kf3 a5 61. Ne4+ Kc6 62. Nf6 Kd6 63. Kf4 Ne6+ 64. Kf3 Nc5 65. Ne8+ Kd7 66. Nf6+ Kd6 67. Ne8+ Ke5 68. Nc7 Nxb3 69. Nd5 Nd2+ 0-1

[Event "Late-Titled-Tuesday-Blitz-May-14-2024"]
[Site "Chess.com"]
[Date "2024.05.14"]
[Round "8"]
[White "Viktoker"]
[Black "annasargsyan_m"]
[Result "0-1"]
[WhiteElo "2409"]
[BlackElo "2601"]
[TimeControl "180+1"]
[EndTime "15:28:09 PDT"]
[Termination "annasargsyan_m won by checkmate"]

1. d4 d5 2. c4 c6 3. cxd5 cxd5 4. Nc3 e5 5. dxe5 d4 6. Ne4 Qa5+ 7. Nd2 Nc6 8. Nf3 Bg4 9. h3 Bxf3 10. exf3 Nxe5 11.
Qb3 Bd6 12. f4 Ng6 13. Bc4 Nh6 14. O-O O-O 15. Nf3 Nxf4 16. Nxd4 Qg5 17. Qf3 Rac8 18. Bb3 Qe5 19. Rd1 Ne6 20. Be3 Nxd4 21. Rxd4 Qh2+ 22. Kf1 Qh1+ 23. Ke2 Qxa1 24. Rxd6 Qxb2+ 25. Kf1 Qe5 26. Rd5 Qe6 27. g4 Kh8 28. Kg2 Ng8 29. Ra5 Qg6 30. Rxa7 f5 31. Ra4 fxg4 32. Qxg4 Qc6+ 33. Qe4 Qc7 34. Rc4 Qd8 35. Rxc8 Qxc8 36. Bd1 Nf6 37.
Qf3 Qe6 38. Bb3 Qc6 39. Qxc6 bxc6 40. a4 Rb8 41. Be6 Nd5 42. Bd7 Nxe3+ 43. fxe3 c5 44.
Kf3 Rb3 45. Bb5 Rb4 46. e4 g5 47. e5 Kg7 48. Bd7 Kf8 49. e6 Ke7 50. Ke3 h5 51.
Kf3 c4 52. Bb5 c3 53. Bd3 g4+ 54. hxg4 hxg4+ 55. Kg3 Rxa4 56. Bf5 Rd4 57. Kh4 Kf6 58. Bc2 Rd2 59. Bb3 c2 60. Bxc2 Rxc2 61. Kxg4 Kxe6 62. Kh5 Rg2 63. Kh6 Kf5 64. Kh7 Kf6 65. Kh8 Kf7 66.
Kh7 Rh2# 0-1